 Dungeon Crawl Stone Soup version 0.22-a0-281-g2e20325899 (webtiles) character file.

53 Manul the Skirmisher (level 3, 0/29 HPs)
             Began as a Demonspawn Monk on Mar 17, 2018.
             Slain by an adder (4 damage)
             ... on level 1 of the Dungeon.
             The game lasted 00:01:48 (2265 turns).

Manul the Skirmisher (Demonspawn Monk)              Turns: 2265, Time: 00:01:49

Health: 0/29       AC:  2    Str: 10 (11) XL:     3   Next: 64%
Magic:  3/3        EV: 13    Int:  8 (11) God:
Gold:   81         SH:  0    Dex: 13 (16) Spells: 2/2 levels left

rFire    . . .     SeeInvis .     - Unarmed
rCold    . . .     Gourm    .   (no shield)
rNeg     . . .     Faith    .   a - +0 robe
rPois    .         Spirit   .   (no helmet)
rElec    .         Reflect  .   (no cloak)
rCorr    .         Harm     .   (no gloves)
MR       .....                  (no boots)
Stlth    ++........             (no amulet)
HPRegen  0.09/turn              (no ring)
MPRegen  0.08/turn              (no ring)

@: lethally poisoned (0 -> -3), very slightly contaminated
A: sturdy frame 1
a: no special abilities


You were on level 1 of the Dungeon.
You were not hungry.

You visited 1 branch of the dungeon, and saw 2 of its levels.

You collected 81 gold pieces.

Inventory:

Armour
 a - a +0 robe (worn)
Scrolls
 e - a scroll of teleportation
 i - a scroll of random uselessness {unknown}
 k - a scroll of enchant weapon {unknown}
 l - a scroll of identify {unknown}
 m - a scroll of enchant armour {unknown}
Comestibles
 b - 2 rations
 c - a chunk of flesh


   Skills:
 + Level 3.4 Fighting
 + Level 3.0 Dodging
 + Level 2.2 Stealth
 + Level 3.3 Unarmed Combat


You had 2 spell levels left.
You didn't know any spells.

Dungeon Overview and Level Annotations

Branches:
Dungeon (2/15)

Altars:


Innate Abilities, Weirdness & Mutations

Your movements are slightly less encumbered by armour. (ER -2)


Message History

The adder closely misses you.
The goblin shouts!
The adder bites you.
You are poisoned.
The adder poisons you!
You feel sick.
You feel sick.
There is an open door here.
The adder bites you.
* * * LOW HITPOINT WARNING * * *
There is a stone staircase leading up here.
* * * LOW HITPOINT WARNING * * *
You feel sick. The adder barely misses you.
You climb upwards.
There is a stone staircase leading down here.
You miss the adder.
* * * LOW HITPOINT WARNING * * *
You feel sick. The adder misses you.
You closely miss the adder. The adder bites you.
You die...

#......##.........##.......##
#......##..###...###########.
#......##..#⌠#...# #.
#......###.###.### #.
#..............# ########.
#..........##..# #......##
#.............## #......#
###........#### #......##
#......).'@S# ####........
#........##.# #.......)...
#.........#.# #...........
###.........#.# #...........
#...........#.# #...........
#...##......#.####.......####
#......######....'...........
#......+.......###.......####
#......#######.# #.......# #


You could see an adder.

Vanquished Creatures
  An adder (D:2)
  2 oozes (D:1)
  2 dart slugs (D:1)
  A giant cockroach (D:1)
  4 hobgoblins (D:1)
  2 jackals (D:2)
  A quokka (D:2)
  6 bats (D:1)
  2 frilled lizards
  3 goblins
  8 kobolds
  A rat (D:1)
33 creatures vanquished.

Notes
Turn   | Place    | Note
-------+----------+-------------------------------------------
     0 | D:1      | Manul the Demonspawn Monk began the quest for the Orb.
     0 | D:1      | Reached XP level 1. HP: 18/18 MP: 1/1
   435 | D:1      | Gained mutation: Your movements are slightly less encumbered by armour. (ER -2) [demonic ancestry]
   435 | D:1      | Reached XP level 2. HP: 6/24 MP: 2/2
  1354 | D:1      | Reached XP level 3. HP: 19/29 MP: 3/3
  2265 | D:1      | Slain by an adder

Vault maps used:
D:1:      kilobyte_arrival_exit_the_forest, feat_on_display
D:2:      uniq_natasha

Skill      XL: |  1  2  3 |
---------------+----------+-----
Unarmed Combat | 3 |  3.3
Stealth        | 2 |  2.2
Dodging        | 3 |  3.0
Fighting       | |  3.4

Action                   || total
-------------------------++-------
Melee: Unarmed           ||   155
  Use: Scroll            ||     4
       Potion            ||     4
 Stab: Sleeping          ||     6
  Eat: Chunk             ||     4
Armor: Robe              ||    36
Dodge: Dodged            ||   132

Table legend:
 A = Spawn XP
 B = Non-spawn XP
 C = Spawn XP percentage of total XP
 D = Spawn monster count
 E = Non-spawn monster count
 F = Spawn count percentage of total count
 G = Total turns spent on level
                    A         B        C        D         E        F      G
               +---------+---------+-------+---------+---------+-------+---------
         Total |       0 |      77 |   0.0 |       0 |      33 |   0.0 |  2265
               +---------+---------+-------+---------+---------+-------+---------
           D:1 |       0 |      54 |   0.0 |       0 |      26 |   0.0 |  2004
           D:2 |       0 |      23 |   0.0 |       0 |       7 |   0.0 |   261
               +---------+---------+-------+---------+---------+-------+---------
